 Dungeon Crawl Stone Soup version 0.25.0-33-gff14898491 (webtiles) character file.

Game seed: 11361860828045053246

262 Ethylacetat the Sneak (level 6, -12/42 HPs)
             Began as an Octopode Assassin on July 7, 2020.
             Killed by divine providence
             ... invoked by an orc priest
              (15 damage)
             ... on level 4 of the Dungeon.
             The game lasted 00:08:05 (2818 turns).

Ethylacetat the Sneak (Octopode Assassin)           Turns: 2818, Time: 00:08:06

Health: -12/42     AC:  1    Str: 13    XL:     6   Next: 18%
Magic:  6/6        EV: 28    Int: 13    God:
Gold:   166        SH:  0    Dex: 13    Spells: 5/5 levels left

rFire    . . .     SeeInvis .   r - +1 dagger (elec)
rCold    . . .     Gourm    .   (no shield)
rNeg     . . .     Faith    .   (helmet restricted)
rPois    +         Spirit   .   z - amulet of the acrobat
rElec    .         Reflect  .   h - ring of resist corrosion
rCorr    +         Harm     .   k - ring of poison resistance
MR       .....                  (no ring)
Stlth    ++++......             (no ring)
HPRegen  0.14/turn              (no ring)
MPRegen  0.10/turn              (no ring)
                                (no ring)
                                (no ring)

@: acrobat
A: almost no armour, stealthy swim, amphibious, 8 rings, constrict 8, camouflage
1, gelatinous body 1
a: no special abilities


You were on level 4 of the Dungeon.
You were not hungry.

You visited 1 branch of the dungeon, and saw 4 of its levels.

You collected 166 gold pieces.

Inventory:

Hand Weapons
 a - a +2 dagger
 r - a +1 dagger of electrocution (weapon)
Missiles
 b - 23 poisoned darts (quivered)
 c - 4 curare-tipped darts
Jewellery
 h - a ring of resist corrosion (left tentacle)
 k - a ring of poison resistance (right tentacle)
 o - an uncursed ring of flight {unknown}
 z - an amulet of the acrobat (around mantle)
Scrolls
 e - a scroll of enchant weapon {unknown}
 f - 5 scrolls of identify {unknown}
 g - 2 scrolls of teleportation {unknown}
 i - 3 scrolls of random uselessness {unknown}
 p - 2 scrolls of amnesia {unknown}
 q - a scroll of remove curse {unknown}
 t - 2 scrolls of magic mapping {unknown}
 u - 2 scrolls of fog {unknown}
 y - a scroll of enchant armour {unknown}
Potions
 j - 2 potions of brilliance {unknown}
 l - 2 potions of curing {unknown}
 m - 2 potions of might {unknown}
 n - a potion of haste {unknown}
 s - 2 potions of stabbing {unknown}
 w - a potion of berserk rage {unknown}
 x - a potion of degeneration {unknown}
Comestibles
 d - 9 rations
 v - 3 chunks of flesh


   Skills:
 + Level 3.5 Fighting
 * Level 4.6 Short Blades
 - Level 2.0 Throwing
 - Level 1.0 Dodging
 + Level 6.8 Stealth


You had 5 spell levels left.
You didn't know any spells.
Your spell library contained the following spells:

 Spells                   Type           Power        Failure   Level  Hunger
 Confusing Touch          Hex            #.......     67%         3    ####...
 Gell's Gravitas          Tloc           #.........   67%         3    ####...
 Petrify                  Tmut/Erth      #.......     97%         4    #####..
 Metabolic Englaciation   Hex/Ice        #.........   100%        5    ######.
 Yara's Violent Unravell  Hex/Tmut       #.........   100%        5    ######.


Dungeon Overview and Level Annotations

Branches:
Dungeon (4/15)
 Temple: D:4-7

Altars:
Cheibriados
Xom


Innate Abilities, Weirdness & Mutations

You cannot wear most types of armour.
You are very stealthy in the water. (Stealth+)
You are amphibious.
You can wear up to eight rings at the same time.
You can use your tentacles to constrict eight enemies at once.
Your skin changes colour to match your surroundings (Stealth+).
Your rubbery body absorbs attacks. (AC +1, EV +1)


Message History

The adder barely misses you.
The orc priest looks braver for a moment.
The adder closely misses you.
You hit the adder. Lightning courses through the adder!
You kill the adder!
The orc priest invokes the aid of Beogh against you.
Beogh smites you!
You hit the orc but do no damage. You grab the orc. You squeeze the orc.
The orc is heavily wounded.
You constrict the orc. The orc closely misses you.
You hit the orc. Lightning courses through the orc!
You kill the orc!
The orc priest mumbles some strange prayers to Beogh against you.
Pain shoots through your body!
The orc priest invokes the aid of Beogh against you.
Beogh smites you!
* * * LOW HITPOINT WARNING * * *
The orc priest invokes the aid of Beogh against you.
Beogh smites you!
You die...

##.o###).......
#...##.........
##o.#......##..
#######...†....##
###..##....?...#.... ####
##........##......#...
##..###..............≈..#...
##....#.#....###......≈......
.............##.@#....≈≈....
..#.##......##...####..≈....
###.###....###..## .≈.≈...
###........##..# ..
.#.....^...###.. ... . ... .
.....#....####. .. ..#.##
######........ ## #.###..#..#
## #....... #.##........# .
.## ##....##
#.#...........#..


You could see an orc priest.

Vanquished Creatures
  An ogre (D:4)
  A worker ant (D:4)
  7 adders
  An ooze (D:4)
  4 worms
  2 dart slugs
  3 leopard geckos (D:2)
  2 orcs
  2 bats
  5 giant cockroaches
  5 goblins
  6 hobgoblins
  3 jackals (D:1)
  3 kobolds
  2 quokkas (D:2)
  A ball python (D:2)
  6 frilled lizards
  A quokka skeleton (D:4)
  8 rats
63 creatures vanquished.

Notes
Turn   | Place    | Note
-------+----------+-------------------------------------------
     0 | D:1      | Ethylacetat the Octopode Assassin began the quest for the
                  | Orb.
     0 | D:1      | Reached XP level 1. HP: 14/14 MP: 1/1
    70 | D:1      | Found a shimmering altar of Xom.
   335 | D:1      | Reached XP level 2. HP: 19/19 MP: 2/2
   856 | D:1      | Reached XP level 3. HP: 25/25 MP: 3/3
  1126 | D:2      | Found a snail-covered altar of Cheibriados.
  1306 | D:2      | Reached skill level 6 in Stealth
  1306 | D:2      | Reached XP level 4. HP: 30/30 MP: 4/4
  2553 | D:4      | Reached XP level 5. HP: 25/36 MP: 5/5
  2671 | D:4      | Noticed an ogre
  2678 | D:4      | Killed an ogre
  2707 | D:4      | Reached XP level 6. HP: 42/42 MP: 6/6
  2815 | D:4      | HP: 2/42 [orc priest/divine providence (12)]
  2818 | D:4      | Killed from afar by an orc priest

Illustrated notes

Levels and vault maps discovered:
D:1:      kennysheep_arrival_forest, layout_basic, xom_teletrap_fun
D:2:      kennysheep_six_static_rooms, layout_basic, cheibriados_altar_1,
          minmay_misc_feat_enclosed, chequers_mini_garden, minmay_fountain_box,
          serial_bayou_lagoon_b
D:3:      layout_basic
D:4:      layout_cave_pools, kennysheep_little_box, first_ration,
          chequers_serial_rivers_micro_c, chequers_serial_rivers_large_b,
          uniq_pikel, uniq_duvessa

Skill      XL: |  1  2  3  4  5 |
---------------+----------------+-----
Short Blades   | 3 4 |  4.6
Stealth        | 6 |  6.8
Fighting       | 3 |  3.5
Throwing       | |  2.0
Dodging        | |  1.0

Action                   |  1- 3 |  4- 6 || total
-------------------------+-------+-------++-------
Melee: Dagger            |    54 |    61 ||   115
       Constrict         |    12 |    11 ||    23
       Tentacles         |     6 |    10 ||    16
 Stab: Sleeping          |    14 |    13 ||    27
  Eat: Chunk             |     1 |     5 ||     6
Armor: Skin              |     2 |     2 ||     4
Dodge: Dodged            |    25 |    30 ||    55
